 Dungeon Crawl Stone Soup version 0.21-a0-538-gd16b88a (webtiles) character file.

4119 tidbits the Martial Artist (level 10, -3/76 HPs)
             Began as a Gnoll Transmuter on Dec 16, 2017.
             Was a Follower of Cheibriados.
             Slain by an unseen horror (7 damage)
             ... on level 10 of the Dungeon.
             The game lasted 00:29:25 (3317 turns).

tidbits the Martial Artist (Gnoll Transmuter)       Turns: 3317, Time: 00:29:26

Health: -3/76      AC:  8    Str: 14    XL:     10   Next: 27%
Magic:  18/20      EV: 17    Int: 26    God:    Cheibriados [*.....]
Gold:   427        SH:  0    Dex: 20    Spells: 12/23 levels left

rFire    . . .     SeeInvis .     - Unarmed
rCold    . . .     Gourm    .   (no shield)
rNeg     . . .     Faith    .   B - +0 robe
rPois    +         Spirit   .   (helmet restricted)
rElec    .         Reflect  .   C - +2 cloak
rCorr    .         Harm     .   g - +1 pair of gloves
MR       .....     Clarity  +   O - +0 pair of boots
Stlth    +++.......             (no amulet)
HPRegen  0.22/turn              x - ring of poison resistance
MPRegen  0.17/turn              N - +3 ring of intelligence

@: very slow
A: distributed training, fangs 1, horns 1, agile 1, clarity, clever 1, deformed
body, strong nose
a: Bend Time, Renounce Religion


You were on level 10 of the Dungeon.
You worshipped Cheibriados.
Cheibriados was aware of your devotion.
You were not hungry.

You visited 2 branches of the dungeon, and saw 11 of its levels.
You also visited: Sewer.

You collected 427 gold pieces.

Inventory:

Hand Weapons
 D - a +0 spear of venom
   (You took it off a gnoll on level 5 of the Dungeon)
 K - a +3 war axe of electrocution
   (You found it on level 10 of the Dungeon)
 Q - a +0 antimagic lajatang
   (You found it on level 8 of the Dungeon)
Missiles
 a - 82 arrows
 e - 73 stones (quivered)
 q - a throwing net {!f}
 S - 3 tomahawks
Armour
 g - a +1 pair of gloves (worn)
 B - a +0 robe (worn)
 C - a +2 cloak (worn)
 O - a +0 pair of boots (worn)
 U - the +1 scale mail of Trog's Approval {+Inv MR+ Str-5 Dex+2}
   (You found it on level 10 of the Dungeon)

   It affects your strength (-5).
   It affects your dexterity (+2).
   It affects your resistance to hostile enchantments.
   It lets you turn invisible.
 X - a +0 shield
 Y - a +2 cloak
Jewellery
 x - a ring of poison resistance (left hand)
   (You found it on level 4 of the Dungeon)
 y - an uncursed ring of flight
   (You found it on level 4 of the Dungeon)
 N - a +3 ring of intelligence (right hand)
   (You found it on level 7 of the Dungeon)
Wands
 b - a wand of paralysis (10)
 w - a wand of clouds (2)
 T - a wand of polymorph (10)
 V - a wand of flame (32)
Scrolls
 f - a scroll of blinking
 h - 2 scrolls of amnesia
 i - 2 scrolls of noise {unknown}
 l - a scroll of fog
 n - 5 scrolls of teleportation
 p - 2 scrolls of fear
 r - 3 scrolls of remove curse
 t - 2 scrolls of enchant weapon
 u - 2 scrolls of enchant armour
 v - a scroll of immolation
 H - 2 scrolls of magic mapping
 J - a scroll of identify
 M - a scroll of torment {unknown}
 W - a scroll of brand weapon {unknown}
Potions
 k - 7 potions of flight
 m - a potion of mutation {!q}
 o - a potion of might {unknown}
 s - a potion of agility
 z - a potion of ambrosia {unknown}
 E - a potion of magic {unknown}
 F - a potion of haste {unknown}
 G - a potion of invisibility {unknown}
 I - a potion of brilliance
 L - a potion of lignification {unknown}
 P - 2 potions of curing
Books
 c - a book of Changes

   Spells                             Type                      Level
   a - Beastly Appendage              Transmutation                1
   b - Sticks to Snakes               Transmutation                2
   c - Spider Form                    Transmutation/Poison         3
   d - Ice Form                       Ice/Transmutation            4
   e - Blade Hands                    Transmutation                5
 A - a book of Minor Magic
   (You found it on level 5 of the Dungeon)

   Spells                             Type                      Level
   a - Magic Dart                     Conjuration                  1
   b - Blink                          Translocation                2
   c - Call Imp                       Summoning                    2
   d - Slow                           Hexes                        2
   e - Conjure Flame                  Conjuration/Fire             3
   f - Mephitic Cloud                 Conjuration/Poison/Air       3
Comestibles
 d - 6 bread rations
 j - 4 meat rations


   Skills:
 + Level 5.7 Fighting
 + Level 5.0 Short Blades
 + Level 5.0 Long Blades
 + Level 5.0 Axes
 + Level 5.0 Maces & Flails
 + Level 5.0 Polearms
 + Level 5.0 Staves
 + Level 5.0 Slings
 + Level 5.0 Bows
 + Level 5.0 Crossbows
 + Level 5.0 Throwing
 + Level 5.0 Armour
 + Level 6.9 Dodging
 + Level 5.0 Stealth
 + Level 5.0 Shields
 + Level 8.3 Unarmed Combat
 + Level 7.2 Spellcasting
 + Level 4.1 Conjurations
 + Level 4.1 Hexes
 + Level 4.1 Charms
 + Level 4.1 Summonings
 + Level 4.1 Necromancy
 + Level 4.1 Translocations
 + Level 5.7 Transmutations
 + Level 4.1 Fire Magic
 + Level 4.1 Ice Magic
 + Level 4.1 Air Magic
 + Level 4.1 Earth Magic
 + Level 4.1 Poison Magic
 + Level 5.5 Invocations
 + Level 5.0 Evocations


You had 12 spell levels left.
You knew the following spells:

 Your Spells              Type           Power        Failure   Level  Hunger
b - Blink                 Tloc           N/A          1%          2    None
e - Beastly Appendage     Tmut           #####.       1%          1    None
k - Sticks to Snakes      Tmut           #####...     1%          2    None
m - Mephitic Cloud        Conj/Pois/Air  ####....     3%          3    None
p - Spider Form           Tmut/Pois      #####.....   2%          3    None


Dungeon Overview and Level Annotations

Branches:
Dungeon (10/15)            Temple (1/1) D:4
   Lair: D:8-11         Orc: D:9-12

Altars:
Ashenzari
Cheibriados
Dithmenos
Elyvilon
Fedhas
Makhleb
Nemelex Xobeh
Okawaru
Sif Muna
Wu Jian
Xom
Yredelemnul
Zin
The Shining One

Annotations:
D:10 exclusions: cyclops, hydra and manticore, Snorg


Innate Abilities, Weirdness & Mutations

Your experience applies equally to all skills.
You have very sharp teeth.
Your uncanny sense of smell can sniff out nearby items.
You have a pair of small horns on your head.
You are agile. (Dex +2)
You possess an exceptional clarity of mind.
Your mind is acute. (Int +2)
Armour fits poorly on your strangely shaped body.


Message History

The yak barely misses you.
You hit the yak.
The yak looks as sick as possible!
The yak is severely wounded.
Your ball python bites the yak but does no damage.
The yak closely misses you.
You barely miss the yak.
The yak is severely wounded.
Your ball python closely misses the yak.
You bite the yak!
You kill the yak!
Cheibriados appreciates the change of pace.
You hit the komodo dragon.
The komodo dragon is lightly wounded.
The komodo dragon misses you.
Your ball python bites the komodo dragon but does no damage.
You bite the komodo dragon!
The komodo dragon looks as sick as possible!
The komodo dragon is moderately wounded.
Something closely misses your ball python.
Your ball python barely misses the komodo dragon.
The komodo dragon completely misses you.
You hit the komodo dragon but do no damage.
The komodo dragon looks as sick as possible!
The komodo dragon is heavily wounded.
Something closely misses your ball python.
Your ball python barely misses the komodo dragon.
The komodo dragon bites you!
* * * LOW HITPOINT WARNING * * *
You hit the komodo dragon.
The komodo dragon looks as sick as possible!
The komodo dragon is heavily wounded.
Something hits your ball python!
Your ball python dies!
Your water moccasin barely misses something.
The komodo dragon completely misses you.
You bite the komodo dragon!
The komodo dragon looks as sick as possible!
The komodo dragon is severely wounded.
Something completely misses you.
Your water moccasin barely misses something.
The komodo dragon completely misses you.
Something hits your water moccasin.
Your water moccasin bites the komodo dragon.
The komodo dragon bites your water moccasin!!
Your water moccasin dies!
Casting: Sticks to Snakes
Confirm with . or Enter, or press ? or * to list all spells.
You create a snake!
You now have 82 arrows.
You kill the komodo dragon!
Cheibriados appreciates the change of pace.
Your Short Blades skill increases to level 5!
Your Long Blades skill increases to level 5!
Your Axes skill increases to level 5!
Your Maces & Flails skill increases to level 5!
Your Polearms skill increases to level 5!
Your Staves skill increases to level 5!
Your Slings skill increases to level 5!
Your Bows skill increases to level 5!
Your Crossbows skill increases to level 5!
Your Throwing skill increases to level 5!
Your Armour skill increases to level 5!
Your Stealth skill increases to level 5!
Your Shields skill increases to level 5!
Your Evocations skill increases to level 5!
Something hits your ball python!
Your ball python dies!
Unknown command.
You barely miss something. Something misses you. Something closely misses you.
You hit something. Something completely misses you. Something misses you.
Something hits you!
* * * LOW HITPOINT WARNING * * *
Something misses you. Something completely misses you.
Something closely misses you. Something hits you.
* * * LOW HITPOINT WARNING * * *
You see here a yak corpse.
Something hits you.
* * * LOW HITPOINT WARNING * * *
You swing at nothing.
Something misses you.
You barely miss something. Something hits you!
* * * LOW HITPOINT WARNING * * *
Something hits you.
* * * LOW HITPOINT WARNING * * *
You feel much better. Something hits you!
* * * LOW HITPOINT WARNING * * *
Evoke which item? (* to show all) (? for menu, Esc to quit)
Okay, then.
Unknown command.
You can't wield anything in your present form.
Unknown command.
Your transformation has ended.
Your +2 cloak unmelds from your body.
Your +1 pair of gloves unmelds from your body.
Your +0 pair of boots unmelds from your body.
Your +0 robe unmelds from your body.
Something hits you!
* * * LOW HITPOINT WARNING * * *
Evoke which item? (* to show all) (? for menu, Esc to quit)
Aiming: Cloud Cone
Press: ? - help, Dir - move target cursor You create a blast of poison gas!
Something hits you!
You die...

#......).......#
.#
#..............#
.#
#..............#
.#
#..............#
#.................
#........#####.###
#........# .###..
#........# #..# #.
#.######.###@# #.#
#.#§§## #.#
#§§§##∆ #.# #§##.#
#.######.##..#
#).......#.##.#
#........#. ..#
#.######.## .# ##
# #.# #.# .. #[.


c| There were no monsters in sight!

Vanquished Creatures
  The ghost of p0werm0de the Covert, a novice OpAM of Uskayaw (D:9)
  Pikel (D:5)
  A yaktaur (D:10)
  A komodo dragon (D:10)
  2 hippogriffs (D:7)
  A yak (D:10)
  A wyvern (D:9)
  The ghost of Megalobster the Sneak, an amateur SpEn (D:3)
  A sky beast (D:6)
  A slave (D:5)
  A phantom (D:6)
  An ogre (D:5)
  2 centaurs
  A water moccasin zombie (D:5)
  3 scorpions
  A water moccasin skeleton (D:5)
  3 wights (D:9)
  An electric eel (D:8)
  The ghost of Amnesiac the Shield-Bearer, a weakling HaFi (Sewer)
  4 crimson imps
  2 hounds
  2 jellies
  A gnoll shaman (D:5)
  An orc priest (D:10)
  3 orc wizards
  2 iguanas
  3 worker ants
  A killer bee zombie (D:6)
  A hound zombie (D:7)
  A worker ant zombie (D:5)
  7 gnolls
  10 adders
  A river rat (D:5)
  2 shadow imps
  An adder zombie (D:6)
  4 worms
  3 dart slugs
  3 leopard geckos
  10 orcs
  4 giant cockroaches
  3 goblins
  2 hobgoblins (D:2)
  6 jackals
  3 quokkas
  A ball python (Sewer)
  6 bats
  3 frilled lizards
  5 kobolds
  A leopard gecko zombie (D:6)
  3 rats
124 creatures vanquished.

Vanquished Creatures (collateral kills)
  An ice beast (D:10)
  2 ogres
  A wight (D:9)
  A howler monkey (D:5)
  A crimson imp (D:7)
  A worker ant zombie (D:4)
  2 gnolls
  A worm (D:2)
  A giant cockroach (D:6)
  A goblin (D:2)
  A frilled lizard (D:2)
13 creatures vanquished.

Vanquished Creatures (others)
  An orc priest (D:5)
  2 orc wizards (D:5)
  An ooze (D:5)
  2 orcs (D:5)
  A quokka (D:5)
7 creatures vanquished.

Grand Total: 144 creatures vanquished

Notes
Turn   | Place    | Note
-------+----------+-------------------------------------------
     0 | D:1      | tidbits the Gnoll Transmuter began the quest for the Orb.
     0 | D:1      | Reached XP level 1. HP: 17/17 MP: 6/6
   334 | D:1      | Reached XP level 2. HP: 23/23 MP: 5/7
   341 | D:1      | Learned a level 2 spell: Sticks to Snakes
   502 | D:2      | Reached skill level 5 in Spellcasting
   502 | D:2      | Reached XP level 3. HP: 13/28 MP: 4/9
   566 | D:2      | Learned a level 3 spell: Spider Form
   609 | D:2      | Reached skill level 1 in Invocations
   623 | D:2      | Reached skill level 1 in Short Blades
   623 | D:2      | Reached skill level 1 in Long Blades
   623 | D:2      | Reached skill level 1 in Axes
   623 | D:2      | Reached skill level 1 in Maces & Flails
   623 | D:2      | Reached skill level 1 in Polearms
   623 | D:2      | Reached skill level 1 in Staves
   623 | D:2      | Reached skill level 1 in Slings
   623 | D:2      | Reached skill level 1 in Bows
   623 | D:2      | Reached skill level 1 in Crossbows
   623 | D:2      | Reached skill level 1 in Throwing
   623 | D:2      | Reached skill level 1 in Armour
   623 | D:2      | Reached skill level 1 in Stealth
   623 | D:2      | Reached skill level 1 in Shields
   623 | D:2      | Reached skill level 1 in Evocations
   623 | D:2      | Reached XP level 4. HP: 15/34 MP: 3/11
   679 | D:2      | Found a faded altar of an unknown god.
   701 | D:3      | Noticed Megalobster's ghost (amateur SpEn)
   743 | D:2      | Reached skill level 1 in Conjurations
   743 | D:2      | Reached skill level 1 in Hexes
   743 | D:2      | Reached skill level 1 in Charms
   743 | D:2      | Reached skill level 1 in Summonings
   743 | D:2      | Reached skill level 1 in Necromancy
   743 | D:2      | Reached skill level 1 in Translocations
   743 | D:2      | Reached skill level 1 in Fire Magic
   743 | D:2      | Reached skill level 1 in Ice Magic
   743 | D:2      | Reached skill level 1 in Air Magic
   743 | D:2      | Reached skill level 1 in Earth Magic
   743 | D:2      | Reached skill level 1 in Poison Magic
   743 | D:2      | Reached XP level 5. HP: 16/40 MP: 0/12
   846 | D:4      | Reached skill level 3 in Fighting
   911 | D:3      | Killed Megalobster's ghost
   911 | D:3      | Reached skill level 4 in Transmutations
   911 | D:3      | Reached skill level 2 in Invocations
   911 | D:3      | Reached XP level 6. HP: 31/47 MP: 9/13
   974 | D:4      | Reached skill level 2 in Short Blades
   974 | D:4      | Reached skill level 2 in Long Blades
   974 | D:4      | Reached skill level 2 in Axes
   974 | D:4      | Reached skill level 2 in Maces & Flails
   974 | D:4      | Reached skill level 2 in Polearms
   974 | D:4      | Reached skill level 2 in Staves
   974 | D:4      | Reached skill level 2 in Slings
   974 | D:4      | Reached skill level 2 in Bows
   974 | D:4      | Reached skill level 2 in Crossbows
   974 | D:4      | Reached skill level 2 in Throwing
   974 | D:4      | Reached skill level 2 in Armour
   974 | D:4      | Reached skill level 5 in Dodging
   974 | D:4      | Reached skill level 2 in Stealth
   974 | D:4      | Reached skill level 2 in Shields
   974 | D:4      | Reached skill level 2 in Evocations
  1012 | D:5      | Entered Level 5 of the Dungeon
  1021 | D:5      | Noticed a slave
  1021 | D:5      | Noticed a slave
  1029 | D:5      | Learned a level 3 spell: Mephitic Cloud
  1091 | D:5      | Noticed Pikel
  1091 | D:5      | Noticed a slave
  1096 | D:5      | Noticed a slave
  1098 | D:5      | Killed a slave
  1119 | D:5      | Killed Pikel
  1119 | D:5      | Reached skill level 7 in Unarmed Combat
  1119 | D:5      | Reached skill level 2 in Conjurations
  1119 | D:5      | Reached skill level 2 in Hexes
  1119 | D:5      | Reached skill level 2 in Charms
  1119 | D:5      | Reached skill level 2 in Summonings
  1119 | D:5      | Reached skill level 2 in Necromancy
  1119 | D:5      | Reached skill level 2 in Translocations
  1119 | D:5      | Reached skill level 2 in Fire Magic
  1119 | D:5      | Reached skill level 2 in Ice Magic
  1119 | D:5      | Reached skill level 2 in Air Magic
  1119 | D:5      | Reached skill level 2 in Earth Magic
  1119 | D:5      | Reached skill level 2 in Poison Magic
  1119 | D:5      | Reached skill level 3 in Invocations
  1119 | D:5      | Reached XP level 7. HP: 15/53 MP: 3/15
  1177 | D:5      | Reached XP level 8. HP: 25/60 MP: 8/16
  1189 | D:5      | Found a glowing golden altar of the Shining One.
  1226 | D:5      | Reached skill level 4 in Fighting
  1229 | D:5      | Reached skill level 3 in Short Blades
  1229 | D:5      | Reached skill level 3 in Long Blades
  1229 | D:5      | Reached skill level 3 in Axes
  1229 | D:5      | Reached skill level 3 in Maces & Flails
  1229 | D:5      | Reached skill level 3 in Polearms
  1229 | D:5      | Reached skill level 3 in Staves
  1229 | D:5      | Reached skill level 3 in Slings
  1229 | D:5      | Reached skill level 3 in Bows
  1229 | D:5      | Reached skill level 3 in Crossbows
  1229 | D:5      | Reached skill level 3 in Throwing
  1229 | D:5      | Reached skill level 3 in Armour
  1229 | D:5      | Reached skill level 3 in Stealth
  1229 | D:5      | Reached skill level 3 in Shields
  1229 | D:5      | Reached skill level 3 in Evocations
  1230 | D:5      | Found a glowing drain.
  1269 | D:5      | Reached skill level 6 in Spellcasting
  1281 | Sewer    | Entered a sewer
  1289 | Sewer    | Noticed Amnesiac's ghost (weakling HaFi)
  1319 | Sewer    | Killed Amnesiac's ghost
  1336 | Sewer    | Learned a level 2 spell: Blink
  1833 | D:7      | Reached skill level 3 in Conjurations
  1833 | D:7      | Reached skill level 3 in Hexes
  1833 | D:7      | Reached skill level 3 in Charms
  1833 | D:7      | Reached skill level 3 in Summonings
  1833 | D:7      | Reached skill level 3 in Necromancy
  1833 | D:7      | Reached skill level 3 in Translocations
  1833 | D:7      | Reached skill level 3 in Fire Magic
  1833 | D:7      | Reached skill level 3 in Ice Magic
  1833 | D:7      | Reached skill level 3 in Air Magic
  1833 | D:7      | Reached skill level 3 in Earth Magic
  1833 | D:7      | Reached skill level 3 in Poison Magic
  1833 | D:7      | Reached skill level 4 in Invocations
  1941 | D:7      | Reached XP level 9. HP: 54/66 MP: 15/18
  1959 | D:7      | Reached skill level 6 in Dodging
  2037 | D:7      | Reached skill level 5 in Transmutations
  2155 | D:4      | Found a staircase to the Ecumenical Temple.
  2164 | Temple   | Entered the Ecumenical Temple
  2185 | Temple   | Became a worshipper of Cheibriados the Contemplative
  2380 | D:6      | Reached skill level 4 in Short Blades
  2380 | D:6      | Reached skill level 4 in Long Blades
  2380 | D:6      | Reached skill level 4 in Axes
  2380 | D:6      | Reached skill level 4 in Maces & Flails
  2380 | D:6      | Reached skill level 4 in Polearms
  2380 | D:6      | Reached skill level 4 in Staves
  2380 | D:6      | Reached skill level 4 in Slings
  2380 | D:6      | Reached skill level 4 in Bows
  2380 | D:6      | Reached skill level 4 in Crossbows
  2380 | D:6      | Reached skill level 4 in Throwing
  2380 | D:6      | Reached skill level 4 in Armour
  2380 | D:6      | Reached skill level 4 in Stealth
  2380 | D:6      | Reached skill level 4 in Shields
  2380 | D:6      | Reached skill level 4 in Evocations
  2383 | D:6      | Gained mutation: You have a pair of small horns on your head. [mutagenic meat]
  2384 | D:6      | Gained mutation: You possess an exceptional clarity of mind. [mutagenic meat]
  2385 | D:6      | Gained mutation: Armour fits poorly on your strangely shaped body. [mutagenic meat]
  2386 | D:6      | Gained mutation: You have a pair of horns on your head. [mutagenic meat]
  2388 | D:6      | Gained mutation: Your mind is acute. (Int +2) [mutagenic meat]
  2726 | D:8      | Reached skill level 5 in Fighting
  2784 | D:8      | Noticed a four-headed hydra
  2876 | D:9      | Noticed p0werm0de's ghost (novice OpAM)
  2886 | D:10     | Entered Level 10 of the Dungeon
  2886 | D:10     | Noticed Snorg
  2944 | D:10     | Noticed a manticore
  2944 | D:10     | Noticed a four-headed hydra
  2944 | D:10     | Noticed a cyclops
  2948 | D:10     | Noticed a komodo dragon
  2948 | D:10     | Noticed a yaktaur
  2953 | D:10     | Got a slimy scale mail
  2958 | D:10     | Killed a yaktaur
  2958 | D:10     | Reached skill level 8 in Unarmed Combat
  2958 | D:10     | Reached skill level 5 in Invocations
  3016 | D:9      | Reached * piety under Cheibriados
  3108 | D:9      | Lost mutation: You have a pair of horns on your head. [potion of mutation]
  3108 | D:9      | Lost mutation: Your mind is acute. (Int +2) [potion of mutation]
  3108 | D:9      | Gained mutation: Your mind is acute. (Int +2) [potion of mutation]
  3108 | D:9      | Gained mutation: You are agile. (Dex +2) [potion of mutation]
  3118 | D:9      | Killed p0werm0de's ghost
  3118 | D:9      | Reached skill level 7 in Spellcasting
  3118 | D:9      | Reached skill level 4 in Conjurations
  3118 | D:9      | Reached skill level 4 in Hexes
  3118 | D:9      | Reached skill level 4 in Charms
  3118 | D:9      | Reached skill level 4 in Summonings
  3118 | D:9      | Reached skill level 4 in Necromancy
  3118 | D:9      | Reached skill level 4 in Translocations
  3118 | D:9      | Reached skill level 4 in Fire Magic
  3118 | D:9      | Reached skill level 4 in Ice Magic
  3118 | D:9      | Reached skill level 4 in Air Magic
  3118 | D:9      | Reached skill level 4 in Earth Magic
  3118 | D:9      | Reached skill level 4 in Poison Magic
  3118 | D:9      | Reached XP level 10. HP: 42/75 MP: 12/20
  3130 | D:9      | Identified the cursed +1 scale mail of Trog's Approval {+Inv MR+ Str-5 Dex+2} (You found it on level 10 of the Dungeon)
  3304 | D:10     | Reached skill level 5 in Short Blades
  3304 | D:10     | Reached skill level 5 in Long Blades
  3304 | D:10     | Reached skill level 5 in Axes
  3304 | D:10     | Reached skill level 5 in Maces & Flails
  3304 | D:10     | Reached skill level 5 in Polearms
  3304 | D:10     | Reached skill level 5 in Staves
  3304 | D:10     | Reached skill level 5 in Slings
  3304 | D:10     | Reached skill level 5 in Bows
  3304 | D:10     | Reached skill level 5 in Crossbows
  3304 | D:10     | Reached skill level 5 in Throwing
  3304 | D:10     | Reached skill level 5 in Armour
  3304 | D:10     | Reached skill level 5 in Stealth
  3304 | D:10     | Reached skill level 5 in Shields
  3304 | D:10     | Reached skill level 5 in Evocations
  3314 | D:10     | HP: 2/76 [something (6)]
  3317 | D:10     | Slain by an unseen horror

Vault maps used:
D:1:      evilmike_arrival_rings, minmay_distorted
D:2:      chequers_ecumenical_altar_simple, hangedman_decor_push,
          roderic_three_in_a_row
D:3:      first_bread
D:4:      minmay_temple_entry_statues
D:5:      tso_metal_star, cheibrodos_sewer_entry_sluice, wad_rectangle_vault,
          uniq_pikel
D:8:      hangedman_little_slice_of_home, minivault_14
D:9:      orc_0_dummy, serial_shops, nicolae_shop_crystal
D:10:     minmay_the_grid_3x3, basic_altar, uniq_snorg
Temple:   compressed_dpeg_circular_temple
Sewer:    sewer_co_purgy_island

Skill      XL: |  1  2  3  4  5  6  7  8  9 10 |
---------------+-------------------------------+-----
Spellcasting   | 5 6 7 |  7.2
Invocations    | 1 2 3 4 5 |  5.5
Short Blades   | 1 2 3 4 5 |  5.0
Long Blades    | 1 2 3 4 5 |  5.0
Axes           | 1 2 3 4 5 |  5.0
Maces & Flails | 1 2 3 4 5 |  5.0
Polearms       | 1 2 3 4 5 |  5.0
Staves         | 1 2 3 4 5 |  5.0
Slings         | 1 2 3 4 5 |  5.0
Bows           | 1 2 3 4 5 |  5.0
Crossbows      | 1 2 3 4 5 |  5.0
Throwing       | 1 2 3 4 5 |  5.0
Armour         | 1 2 3 4 5 |  5.0
Stealth        | 1 2 3 4 5 |  5.0
Shields        | 1 2 3 4 5 |  5.0
Evocations     | 1 2 3 4 5 |  5.0
Conjurations   | 1 2 3 4 |  4.1
Hexes          | 1 2 3 4 |  4.1
Charms         | 1 2 3 4 |  4.1
Summonings     | 1 2 3 4 |  4.1
Necromancy     | 1 2 3 4 |  4.1
Translocations | 1 2 3 4 |  4.1
Fire Magic     | 1 2 3 4 |  4.1
Ice Magic      | 1 2 3 4 |  4.1
Air Magic      | 1 2 3 4 |  4.1
Earth Magic    | 1 2 3 4 |  4.1
Poison Magic   | 1 2 3 4 |  4.1
Fighting       | 3 4 5 |  5.7
Transmutations | 4 5 |  5.7
Dodging        | 5 6 |  6.9
Unarmed Combat | 7 8 |  8.3

Action                   |  1- 3 |  4- 6 |  7- 9 | 10-12 || total
-------------------------+-------+-------+-------+-------++-------
Melee: Unarmed           |    56 |   101 |   235 |    31 ||   423
       Headbutt          |     4 |       |       |       ||     4
       Kick              |     4 |     2 |       |       ||     6
       Bite              |     3 |     1 |     1 |     1 ||     6
       Punch             |     1 |     1 |     1 |       ||     3
 Cast: Beastly Appendage |     8 |     1 |       |       ||     9
       Sticks to Snakes  |     4 |     7 |    29 |     3 ||    43
       Spider Form       |     2 |    13 |    30 |     3 ||    48
 Abil: End Transformatio |       |       |     1 |     2 ||     3
Evoke: Wand              |       |       |     7 |     1 ||     8
  Use: Potion            |       |     1 |     4 |     1 ||     6
       Scroll            |       |       |    15 |     1 ||    16
 Stab: Sleeping          |     3 |       |     4 |       ||     7
       Distracted        |     1 |       |     1 |       ||     2
       Paralysed         |       |       |     9 |       ||     9
  Eat: Fruit             |     4 |       |       |       ||     4
       Chunk             |       |       |    11 |       ||    11
       Royal jelly       |       |       |     1 |       ||     1
Armor: Robe              |    12 |     3 |     4 |     1 ||    20
       Skin              |       |     4 |     8 |     1 ||    13
Dodge: Dodged            |    27 |    85 |   200 |    38 ||   350

Table legend:
 A = Spawn XP
 B = Non-spawn XP
 C = Spawn XP percentage of total XP
 D = Spawn monster count
 E = Non-spawn monster count
 F = Spawn count percentage of total count
 G = Total turns spent on level
                    A         B        C        D         E        F      G
               +---------+---------+-------+---------+---------+-------+---------
         Total |       0 |    5885 |   0.0 |       0 |     136 |   0.0 |  3317
               +---------+---------+-------+---------+---------+-------+---------
           D:1 |       0 |      17 |   0.0 |       0 |      10 |   0.0 |   431
           D:2 |       0 |     206 |   0.0 |       0 |      27 |   0.0 |   369
           D:3 |       0 |     155 |   0.0 |       0 |       5 |   0.0 |   111
           D:4 |       0 |     138 |   0.0 |       0 |       8 |   0.0 |   194
           D:5 |       0 |    1368 |   0.0 |       0 |      29 |   0.0 |   481
           D:6 |       0 |     385 |   0.0 |       0 |      11 |   0.0 |   436
           D:7 |       0 |     918 |   0.0 |       0 |      16 |   0.0 |   420
           D:8 |       0 |      73 |   0.0 |       0 |       7 |   0.0 |   270
           D:9 |       0 |    1167 |   0.0 |       0 |       7 |   0.0 |   249
          D:10 |       0 |    1402 |   0.0 |       0 |      13 |   0.0 |   263
         Sewer |       0 |      56 |   0.0 |       0 |       3 |   0.0 |    56
               +---------+---------+-------+---------+---------+-------+---------

Table legend:
 A = Turns spent in this place as a percentage of turns spent in the entire game.
 B = Non-inter-level travel turns spent in this place as a percentage of non-inter-level travel turns spent in the entire game.
 C = Inter-level travel turns spent in this place as a percentage of turns spent in this place.
 D = Turns resting spent in this place as a percentage of non-inter-level travel turns spent in this place.
 E = Turns spent auto-exploring this place as a percentage of non-inter-level travel turns spent in this place.
 F = Non-inter-level travel turns spent in this place divided by the number of levels of this place that you've seen.
                   A       B       C       D       E      F
               +-------+-------+-------+-------+-------+----------------------
         Total | 100.0 | 100.0 |   3.4 |   0.0 |   0.0 | 267.0
       Dungeon |  97.2 |  97.5 |   3.1 |   0.0 |   0.0 | 312.5
        Temple |   1.1 |   0.7 |  37.8 |   0.0 |   0.0 |  23.0
         Sewer |   1.7 |   1.7 |   0.0 |   0.0 |   0.0 |  56.0
               +-------+-------+-------+-------+-------+----------------------

Table legend:
 A = Kills in this place as a percentage of kills in entire the game.
 B = Kills by you in this place as a percentage of kills by you in the entire game.
 C = Kills by friends in this place as a percentage of kills by friends in the entire game.
 D = Other kills in this place as a percentage of other kills in the entire game.
 E = Experience gained in this place as a percentage of experience gained in the entire game.
 F = Experience gained in this place divided by the number of levels of this place that you have seen.
                   A       B       C       D       E      F
               +-------+-------+-------+-------+-------+----------------------
         Total | 100.0 | 100.0 | 100.0 |   N/A | 100.0 | 490.4
       Dungeon |  97.8 |  97.6 | 100.0 |   N/A |  99.0 | 582.9
         Sewer |   2.2 |   2.4 |   0.0 |   N/A |   1.0 |  56.0
               +-------+-------+-------+-------+-------+----------------------

Vault maps used:
D:1:      evilmike_arrival_rings, minmay_distorted
D:2:      chequers_ecumenical_altar_simple, hangedman_decor_push,
          roderic_three_in_a_row
D:3:      first_bread
D:4:      minmay_temple_entry_statues
D:5:      tso_metal_star, cheibrodos_sewer_entry_sluice, wad_rectangle_vault,
          uniq_pikel
D:8:      hangedman_little_slice_of_home, minivault_14
D:9:      orc_0_dummy, serial_shops, nicolae_shop_crystal
D:10:     minmay_the_grid_3x3, basic_altar, uniq_snorg
Temple:   compressed_dpeg_circular_temple
Sewer:    sewer_co_purgy_island
